 Dungeon Crawl Stone Soup version 0.28.0-45-g0d030f2227 (webtiles) character file.

Game seed: 7700269125926299662

758 Faeu the Skirmisher (level 7, -4/61 HPs)
             Began as a Minotaur Fighter on Apr 3, 2022.
             Slain by a yak (10 damage)
             ... on level 4 of the Dungeon.
             The game lasted 00:11:45 (3177 turns).

Faeu the Skirmisher (Minotaur Fighter)              Turns: 3177, Time: 00:11:45

Health: -4/61      AC:  7    Str: 23    XL:     7   Next: 50%
Magic:  6/6        EV: 10    Int:  5    God:
Gold:   129        SH:  4    Dex:  9    Spells: 6/6 levels left

rFire   . . .      SeeInvis .   n - +2 hand axe (freeze) {axe}
rCold   . . .      Faith    .   c - +0 buckler
rNeg    . . .      Spirit   .   b - +0 scale mail
rPois   .          Reflect  .   (helmet restricted)
rElec   .          Harm     .   (no cloak)
rCorr   .          Rampage  .   (no gloves)
Will    .....                   (no boots)
Stlth   ..........              (no amulet)
HPRegen 0.20/turn               (no ring)
MPRegen 0.10/turn               (no ring)

@: no status effects
A: horns 2, retaliatory headbutt
a: no special abilities


You were on level 4 of the Dungeon.
You visited 1 branch of the dungeon, and saw 5 of its levels.

You collected 129 gold pieces.


Innate Abilities, Weirdness & Mutations

You have a pair of horns on your head.
You reflexively headbutt those who attack you in melee.


   Skills:
 + Level 5.5 Fighting
 + Level 4.6 Axes
 + Level 3.1 Throwing
 + Level 5.5 Armour
 + Level 3.4 Dodging
 + Level 5.3 Shields


You had 6 spell levels left.
You didn't know any spells.
Your spell library contained the following spells:

 Spells                   Type           Power      Damage    Failure   Level
 Beastly Appendage        Tmut           0%         N/A       86%         1
 Pain                     Necr           0%         1d4       86%         1
 Slow                     Hex            0%         N/A       86%         1
 Wereblood                Tmut           0%         N/A       94%         2
 Confusing Touch          Hex            0%         N/A       99%         3
 Spider Form              Tmut/Pois      0%         N/A       99%         3
 Summon Guardian Golem    Hex/Summ       0%         N/A       99%         3
 Vampiric Draining        Necr           0%         2d6       99%         3
 Agony                    Necr           0%         N/A       100%        5
 Excruciating Wounds      Necr           0%         N/A       100%        5
 Orb of Destruction       Conj           0%         9d5       100%        7
 Spellforged Servitor     Conj/Summ      0%         N/A       100%        7

Inventory:

Hand Weapons
 m - a +1 hand axe of venom {axe}
   (You found it on level 3 of the Dungeon)
 n - a +2 hand axe of freezing (weapon) {axe}
   (You found it on level 4 of the Dungeon)
Missiles
 a - 6 poisoned darts (quivered) {throwing}
Armour
 b - a +0 scale mail (worn)
 c - a +0 buckler (worn)
Scrolls
 e - a scroll of immolation {unknown}
 h - 2 scrolls of teleportation {@r4}
 i - 2 scrolls of identify {unknown}
 j - 2 scrolls of holy word {unknown}
 k - a scroll of amnesia {unknown}
 o - a scroll of blinking {unknown}
Potions
 d - a potion of might
 f - 3 potions of curing {@q1}
 g - 2 potions of lignification {unknown}
 l - a potion of cancellation {unknown}

Dungeon Overview and Level Annotations

Branches:
Dungeon (5/15)
 Temple: D:4-7

Altars:

Shops:
D:1 ( D:3

[
....##..<.................#
....###..#>....##.........#
.............#.##.........#
####.#.#.##.#..##.........#
###..#.#.##.#.###........##
.....#...##...# #.......##
##.#.......(..######.####
...###.........### #.#
..####.#.>.....Y@# #.##
..............##Y###..##
.########.....##...[...# .#
#.....########.# ## #.....#
### ###..### #....# #....#
#....#


You could see 2 yaks.


Message History

The yak gores you but does no damage. The yak closely misses you.
You barely miss the yak. You headbutt the yak!
You kill the yak!
Your Dodging skill increases to level 3!
Your Shields skill increases to level 5!
You have reached level 7! 😮 HP[+3] MP[+1]
You now have 61 max hp (+5).
You regained 3 hp, and now have 32/61 hp.
Your mp is fully restored (6).
You start resting.
HP restored. 😎 HP[+29]
You can't go up here!
You climb downwards.
You block the yak's attack. The yak gores you.
There is a stone staircase leading up here. 😕 HP[-4]
You take 4 damage, and now have 57/61 hp.
The yak barely misses you.
You climb upwards.
There is a stone staircase leading down here. 😕 HP[+1]
You barely miss the yak. You headbutt the yak.
The yak gores you but does no damage.
You hit the yak. You freeze the yak. The yak gores you but does no damage.
You completely miss the yak. The yak barely misses you.
You furiously retaliate!
You headbutt the yak. You hit the yak but do no damage.
The yak gores you! 😕 HP[-7]
You take 7 damage, and now have 51/61 hp.
You hit the yak. You freeze the yak. You headbutt the yak!
The yak gores you. 😕 HP[-1]
You take 1 damage, and now have 50/61 hp.
You barely miss the yak. You headbutt the yak!
The yak gores you but does no damage.
You hit the yak. You freeze the yak. The yak gores you but does no damage.
The yak gores you. 😮 HP[-5]
You take 5 damage, and now have 45/61 hp.
You hit the yak. You freeze the yak.
You kill the yak!
Your Throwing skill increases to level 3!
You see here a yak corpse. 😕 HP[+1]
You start resting.
HP restored. 😎 HP[+15]
There is a stone staircase leading down, spattered with blood here.
You climb downwards.
The yak barely misses you. The yak gores you but does no damage.
The yak closely misses you.
There is a stone staircase leading up here.
The yak gores you. The yak gores you but does no damage.
You climb upwards.
There is a stone staircase leading down, spattered with blood here. 😕 HP[-3]
You take 3 damage, and now have 58/61 hp.
You hit the yak. You freeze the yak. You headbutt the yak!
You hit the yak but do no damage. The yak barely misses you.
The yak gores you. 😕 HP[-1]
You take 1 damage, and now have 57/61 hp.
You closely miss the yak. x2; The yak gores you!
You block the yak's attack. 😮 HP[-14]
You take 14 damage, and now have 43/61 hp.
MASSIVE DAMAGE!! (PAUSE)
You slash the yak! You freeze the yak. You headbutt the yak, but do no damage.
You hit the yak but do no damage. You block the yak's attack.
The yak gores you. x2 😮 HP[-11]
You take 11 damage, and now have 32/61 hp.
You hit the yak. You freeze the yak. You hit the yak. You freeze the yak.
The yak gores you.
* * * LOW HITPOINT WARNING * * *
The yak gores you but does no damage. 😨 HP[-2]
You take 2 damage, and now have 30/61 hp.
You hit the yak but do no damage. x2; You block the yak's attack.
The yak gores you!
* * * LOW HITPOINT WARNING * * *
😨 HP[-8]
You take 8 damage, and now have 22/61 hp.
You closely miss the yak. You hit the yak but do no damage.
You block the yak's attack. The yak gores you but does no damage.
The yak gores you!
* * * LOW HITPOINT WARNING * * *
😱 HP[-9]
You take 9 damage, and now have 13/61 hp.
You slash the yak! You freeze the yak. You hit the yak but do no damage.
You block the yak's attack. The yak gores you.
* * * LOW HITPOINT WARNING * * *
😱 HP[-4]
You take 4 damage, and now have 9/61 hp.
It was a potion of curing.
You feel better. You block the yak's attack. The yak gores you.
* * * LOW HITPOINT WARNING * * *
😱 HP[+5]
You regained 5 hp, and now have 14/61 hp.
You hit the yak but do no damage. x2; The yak gores you!
* * * LOW HITPOINT WARNING * * *
The yak gores you!
You die...

Skill      XL: |  1  2  3  4  5  6  7 |
---------------+----------------------+-----
Armour         | 4 5 |  5.5
Dodging        | 1 2 3 |  3.4
Throwing       | 1 2 3 |  3.1
Fighting       | 4 5 |  5.5
Shields        | 4 5 |  5.3
Axes           | 3 4 |  4.6

Action                   |  1- 3 |  4- 6 |  7- 9 || total
-------------------------+-------+-------+-------++-------
Melee: War axe           |    96 |    19 |       ||   115
       Headbutt          |    11 |    20 |     5 ||    36
       Hand axe          |       |    96 |    16 ||   112
  Use: Potion            |       |     1 |     1 ||     2
       Scroll            |       |     1 |       ||     1
Armor: Scale mail        |    29 |    49 |     8 ||    86
Dodge: Dodged            |    47 |    42 |     5 ||    94
Block: Buckler           |    28 |    21 |     7 ||    56

Levels and vault maps discovered:
D:1:      grunt_arrival_lava_bath, layout_basic, serial_shops,
          nicolae_shop_stone, shapermc_ecumenical_altar_ellora
D:2:      layout_loops_ring, serial_rivers, chequers_serial_rivers_large_a,
          chequers_serial_rivers_room_b, chequers_serial_rivers_room_b,
          chequers_serial_rivers_small_3, chequers_serial_rivers_micro_b
D:3:      layout_rooms, serial_shops, nicolae_shop_behind_doors,
          minmay_misc_feat_square
D:4:      layout_rooms
D:5:      layout_basic, minmay_temple_entry_drinking_statues,
          gammafunk_ghost_smash, serial_glass, glass_columns_a, glass_columns_a,
          fountainhead, item_on_display_a

Notes
Turn   | Place    | Note
-------+----------+-------------------------------------------
     0 | D:1      | Faeu the Minotaur Fighter began the quest for the Orb.
     0 | D:1      | Reached XP level 1. HP: 19/19 MP: 0/0
     0 | D:1      | magus.rc [v1.9.6]
    54 | D:1      | Reached XP level 2. HP: 15/27 MP: 1/1
   301 | D:1      | You pick up a book of Changes and begin reading...
   301 | D:1      | You add the spells Beastly Appendage, Wereblood and Spider
                  | Form to your library.
   314 | D:1      | Found Zamneydgh's Antique Weapon Emporium.
   502 | D:1      | Found a faded altar of an unknown god.
   646 | D:1      | Reached skill level 4 in Armour
   646 | D:1      | Reached XP level 3. HP: 33/33 MP: 2/2
   648 | D:1      | Reached skill level 1 in Dodging
   751 | D:2      | You pick up a book of Debilitation and begin reading...
   751 | D:2      | You add the spells Slow, Vampiric Draining and Confusing
                  | Touch to your library.
   790 | D:2      | Reached skill level 1 in Throwing
   812 | D:2      | Reached skill level 4 in Fighting
   820 | D:2      | Reached skill level 4 in Shields
   825 | D:2      | Reached skill level 3 in Axes
  1427 | D:3      | Reached XP level 4. HP: 40/40 MP: 3/3
  1628 | D:3      | You pick up a book of Pain and begin reading...
  1628 | D:3      | You add the spells Pain, Agony and Excruciating Wounds to
                  | your library.
  1750 | D:3      | Reached XP level 5. HP: 47/47 MP: 4/4
  1812 | D:3      | Found Mymopt's Armour Shop.
  1930 | D:4      | Reached skill level 2 in Dodging
  1943 | D:4      | Noticed an ogre
  1946 | D:4      | Killed an ogre
  1947 | D:4      | Reached skill level 2 in Throwing
  1947 | D:4      | Reached XP level 6. HP: 20/53 MP: 5/5
  2432 | D:4      | You pick up a book of Dangerous Friends and begin
                  | reading...
  2432 | D:4      | You add the spells Summon Guardian Golem, Orb of
                  | Destruction and Spellforged Servitor to your library.
  2565 | D:5      | Entered Level 5 of the Dungeon
  2594 | D:5      | HP: 11/55 [something/puff of flame (10)]
  2596 | D:5      | Reached skill level 5 in Armour
  2855 | D:5      | Reached skill level 5 in Fighting
  2855 | D:5      | Reached skill level 4 in Axes
  2902 | D:5      | Noticed a yak
  2902 | D:5      | Noticed a yak
  2902 | D:5      | Noticed a yak
  2902 | D:5      | Noticed a yak
  2904 | D:5      | Noticed a yak
  2906 | D:5      | Noticed a yak
  2934 | D:4      | Killed a yak
  2935 | D:4      | Reached skill level 3 in Dodging
  2935 | D:4      | Reached skill level 5 in Shields
  2935 | D:4      | Reached XP level 7. HP: 32/61 MP: 6/6
  3087 | D:4      | Killed a yak
  3088 | D:4      | Reached skill level 3 in Throwing
  3174 | D:4      | HP: 13/61 [yak (9)]
  3177 | D:4      | HP: 6/61 [yak (8)]
  3177 | D:4      | Slain by a yak

Vanquished Creatures
  2 yaks (D:4)
  An ogre (D:4)
  A scorpion (D:5)
  A water moccasin skeleton (D:3)
  A centaur skeleton (D:5)
  A bullfrog skeleton (D:4)
  An iguana (D:4)
  An orc wizard (D:5)
  2 hound skeletons (D:4)
  A howler monkey skeleton (D:4)
  4 adders
  An adder skeleton (D:4)
  A worm (D:4)
  2 dart slugs
  8 orcs
  8 ball pythons
  11 endoplasms
  6 giant cockroaches
  6 goblins
  4 hobgoblins
  2 jackals (D:1)
  10 kobolds
  3 quokkas
  5 bats
  8 frilled lizards
  5 rats
96 creatures vanquished.

Vanquished Creatures (others)
  A fungus (D:1)
  2 plants (D:1)
3 creatures vanquished.

Grand Total: 99 creatures vanquished

Table legend:
 A = Non-vault XP
 B = Vault XP
 C = Vault XP percentage of total XP
 D = Non-vault monster count
 E = Vault monster count
 F = Vault count percentage of total count
                 A         B        C        D         E       F
            +---------+---------+-------+---------+---------+-------
      Total |    1083 |       0 |   0.0 |      96 |       0 |   0.0
            +---------+---------+-------+---------+---------+-------
        D:1 |      44 |       0 |   0.0 |      25 |       0 |   0.0
        D:2 |      50 |       0 |   0.0 |      22 |       0 |   0.0
        D:3 |     123 |       0 |   0.0 |      25 |       0 |   0.0
        D:4 |     701 |       0 |   0.0 |      18 |       0 |   0.0
        D:5 |     165 |       0 |   0.0 |       6 |       0 |   0.0
            +---------+---------+-------+---------+---------+-------

Illustrated notes

Table legend:
 A = Kills in this place as a percentage of kills in entire the game.
 B = Kills by you in this place as a percentage of kills by you in the entire game.
 C = Kills by friends in this place as a percentage of kills by friends in the entire game.
 D = Other kills in this place as a percentage of other kills in the entire game.
 E = Experience gained in this place as a percentage of experience gained in the entire game.
 F = Experience gained in this place divided by the number of levels of this place that you have seen.
                   A       B       C       D       E      F
               +-------+-------+-------+-------+-------+----------------------
         Total | 100.0 | 100.0 |   N/A |   N/A | 100.0 | 216.6
       Dungeon | 100.0 | 100.0 |   N/A |   N/A | 100.0 | 216.6
               +-------+-------+-------+-------+-------+----------------------

Table legend: (Time is in decaauts)
 A = Elapsed time spent in this place.
 B = Non-inter-level travel time spent in this place.
 C = Inter-level travel time spent in this place.
 D = Time resting spent in this place.
 E = Time spent auto-exploring this place.
 F = Levels seen in this place.
 G = Mean time per level.
                   A        B        C        D        E       F      G
               +--------+--------+--------+--------+--------+-----+--------+
         Total |   3261 |   3183 |     78 |    793 |   1376 |   5 |  652.2 |
       Dungeon |   3261 |   3183 |     78 |    793 |   1376 |   5 |  652.2 |
               +--------+--------+--------+--------+--------+-----+--------+

Top non-repeatable levels by time:
     D:4: 944 daAuts
     D:2: 775 daAuts
     D:3: 713 daAuts
     D:1: 693 daAuts
     D:5: 134 daAuts
